Map: Submarine LE

Players

Cham

  • Race: Zerg Zerg
  • League: Grandmaster
  • Spawn Location: 11:00

Kelazhur - Winner!

  • Race: Terran Terran
  • League: Master
  • Spawn Location: 5:00

Event: DreamHack SC2 Masters 2020 Summer Latin America

VOD

Have the link to the VOD?

Description

Time

  • Played on: June 28, 2020, 4:20 p.m.
  • Length: 6:12

All games in this series

Show
View Real Time Build Order
Export as new Build Order

Cham Zerg 

Build Orders: Hatch First 

Get SALT Encoding   

  12  0:00  Drone  
  13  0:07  Drone  
  14  0:16  Overlord  
  14  0:35  Drone x2  
  16  0:46  Hatchery  
  15  0:50  Drone  
  15  0:54  Drone  
  17  0:59  Drone  
  18  1:10  Extractor  
  17  1:13  Spawning Pool  
  17  1:15  Drone  
  17  1:19  Drone  
  18  1:29  Drone  
  19  1:40  Drone  
  20  1:51  Overlord  
  20  1:59  Queen  
  20  2:00  Zergling x2, Queen  
  25  2:02  Zergling x2  
  26  2:09  Drone  
  26  2:11  Metabolic Boost  
  26  2:14  Drone  
  28  2:24  Drone x2  
  29  2:39  Hatchery  
  27  2:48  Drone x4  
  31  2:52  Queen  
  31  2:57  Overlord  
  33  2:59  Drone  
  34  3:21  Drone  
  34  3:22  Drone x4  
  34  3:23  Drone x2  
  41  3:27  Queen  
  41  3:34  Overlord x2  
  43  3:46  Overlord  
  43  3:52  Zergling x4  
  43  3:54  Queen  
  43  3:55  Drone x2  
  49  3:57  Drone x2  
  49  4:00  Drone  
  49  4:01  Overlord  
  49  4:02  Drone x2  
  54  4:04  Drone  
  55  4:13  Zergling x6  
  58  4:17  Overlord  
  58  4:22  Zergling x2  
  59  4:26  Zergling x2  
  59  4:28  Lair  
  60  4:32  Spore Crawler, Drone  
  60  4:33  Zergling x2  
  60  4:34  Queen  
  60  4:38  Overlord  
  63  4:40  Zergling x2  
  63  4:41  Zergling x2  
  63  4:43  Zergling x2, Drone x3  
  63  4:44  Drone  
  63  4:45  Drone  
  71  4:47  Drone  
  71  4:51  Drone  
  73  4:53  Extractor  
  73  4:54  Drone  
  73  4:58  Drone x3  
  76  5:00  Zergling x2  
  76  5:02  Spine Crawler  
  76  5:03  Zergling x2  
  76  5:04  Spine Crawler  
  76  5:05  Spine Crawler  
  73  5:11  Queen  
  73  5:12  Queen  
  74  5:14  Zergling x2  
  74  5:15  Zergling x12  
  78  5:24  Baneling Nest  
  78  5:26  Zergling x4  
  76  5:28  Zergling x2  
  76  5:29  Zergling x6  
  76  5:32  Zergling x4  
  66  5:53  Zergling x4  
  66  5:54  Zergling x2  
Show
View Real Time Build Order
Export as new Build Order

Kelazhur Terran - Winner!

Build Orders: Hellion Opening, Reaper Expand 

Get SALT Encoding   

  12  0:00  SCV  
  13  0:13  SCV  
  14  0:17  Supply Depot  
  14  0:25  SCV  
  15  0:38  SCV  
  15  0:40  Barracks  
  16  0:43  Refinery  
  16  0:50  SCV  
  17  1:02  SCV  
  18  1:14  SCV  
  19  1:27  Orbital Command  
  19  1:28  Reaper  
  20  1:38  Command Center  
  20  1:46  Supply Depot  
  20  1:52  SCV  
  21  1:59  Marine  
  22  2:04  SCV  
  22  2:05  Factory  
  23  2:10  Refinery  
  23  2:16  SCV  
  23  2:22  Barracks Reactor  
  24  2:28  SCV  
  25  2:41  SCV  
  26  2:52  Orbital Command  
  26  2:53  SCV  
  26  2:57  Starport  
  27  3:04  Hellion x2  
  31  3:08  SCV  
  31  3:12  Barracks Tech Lab  
  32  3:20  SCV  
  32  3:22  SCV  
  32  3:26  Hellion x2  
  38  3:32  SCV, Marauder  
  41  3:34  Viking, Supply Depot  
  41  3:37  SCV  
  44  3:44  SCV  
  45  3:48  Supply Depot  
  45  3:51  SCV  
  46  3:56  SCV, Hellion x2, Marauder  
  46  3:59  Supply Depot  
  53  4:07  SCV  
  54  4:10  SCV, Medivac  
  54  4:14  Armory  
  57  4:17  Concussive Shells  
  57  4:18  Marauder  
  57  4:23  Hellion x2  
  64  4:24  SCV  
  64  4:25  SCV  
  64  4:30  Supply Depot  
  65  4:36  SCV  
  66  4:39  SCV  
  66  4:42  Liberator  
  70  4:52  SCV x2, Hellion x2  
  76  4:53  Supply Depot  
  76  5:04  SCV  
  77  5:07  SCV  
  77  5:14  Hellion  
  78  5:15  Hellion  
  78  5:16  SCV  
  78  5:17  Supply Depot  
  78  5:20  SCV  
  82  5:25  Supply Depot x2  
  82  5:26  Supply Depot  
  80  5:28  SCV  
  80  5:41  Command Center  
  79  5:46  SCV x2, Marine  
  80  5:56  Barracks  
  82  5:57  Barracks  
  82  5:58  SCV  
  82  6:00  Engineering Bay  
  82  6:01  Engineering Bay  
Tags
 
Add a new tag
Caveats
  • Supply blocks, unpowered buildings, or Contaminate may cause inaccurate times.
  • Supply counts are checked every 10 seconds.